 Dungeon Crawl Stone Soup version 0.28.0-53-g5a82cb258f (webtiles) character file.

Game seed: 12283412349409843781

298 Descartes the Ducker (level 6, 0/41 HPs)
             Began as an Octopode Transmuter on June 27, 2022.
             Slain by a centaur (2 damage)
             ... on level 4 of the Dungeon.
             The game lasted 00:04:49 (5360 turns).

Descartes the Ducker (Octopode Transmuter)          Turns: 5360, Time: 00:04:49

Health: 0/41       AC:  1    Str: 12    XL:     6   Next: 35%
Magic:  10/10      EV: 13    Int: 15    God:
Gold:   144        SH:  0    Dex: 12    Spells: 10/11 levels left

rFire   . . .      SeeInvis .   e - +0 short sword
rCold   . . .      Faith    .   (no shield)
rNeg    + . .      Spirit   .   g - +0 hat
rPois   .          Reflect  .   (no amulet)
rElec   .          Harm     .   d - ring of positive energy
rCorr   .          Rampage  .   (no ring)
Will    .....                   (no ring)
Stlth   +++.......              (no ring)
HPRegen 0.13/turn               (no ring)
MPRegen 0.12/turn               (no ring)
                                (no ring)
                                (no ring)

@: no status effects
A: almost no armour, amphibious, 8 rings, camouflage 1, gelatinous body 1,
(nimble swimmer 1), tentacles
a: no special abilities


You were on level 4 of the Dungeon.
You visited 1 branch of the dungeon, and saw 4 of its levels.

You collected 144 gold pieces.

Inventory:

Hand Weapons
 e - a +0 short sword (weapon)
 m - a +0 hand crossbow
Missiles
 b - 119 stones
 f - 48 bolts
 s - 10 arrows
 w - 3 poisoned darts
Armour
 g - a +0 hat (worn)
Jewellery
 d - a ring of positive energy (left tentacle)
Scrolls
 a - a scroll of blinking {unknown}
 c - a scroll of enchant weapon {unknown}
 h - a scroll of fear {unknown}
 i - a scroll of noise {unknown}
 j - 2 scrolls of teleportation {unknown}
 n - 2 scrolls of identify {unknown}
 o - a scroll of magic mapping {unknown}
 u - a scroll of immolation {unknown}
 v - a scroll of amnesia {unknown}
Potions
 k - 2 potions of attraction {unknown}
 l - a potion of degeneration {unknown}
 p - a potion of cancellation {unknown}
 q - 2 potions of brilliance {unknown}
 r - 3 potions of curing {unknown}
 t - a potion of heal wounds {unknown}


   Skills:
 + Level 2.6 Fighting
 + Level 2.1 Short Blades
 + Level 3.2 Dodging
 + Level 3.2 Stealth
 - Level 3.0 Unarmed Combat
 + Level 3.0 Spellcasting
 + Level 3.1 Transmutations


You had 10 spell levels left.
You knew the following spells:

 Your Spells              Type           Power      Damage    Failure   Level
a - Beastly Appendage     Tmut           22%        N/A       5%          1

Your spell library contained the following spells:

 Spells                   Type           Power      Damage    Failure   Level
 Wereblood                Tmut           11%        N/A       9%          2
 Spider Form              Tmut/Pois      7%         N/A       30%         3
 Ice Form                 Ice/Tmut       7%         N/A       71%         4


Dungeon Overview and Level Annotations

Branches:
Dungeon (4/15)
 Temple: D:4-7

Altars:
Elyvilon


Innate Abilities, Weirdness & Mutations

You cannot wear most types of armour.
You are amphibious.
You can wear up to eight rings at the same time.
Your skin changes colour to match your surroundings (Stealth+).
Your rubbery body absorbs attacks. (AC +1, EV +1)
((You are camouflaged when in or above water. (Stealth+)))
You have tentacles for arms and can constrict up to eight enemies at once.


Message History

The centaur kicks you.
You barely miss the centaur. The centaur closely misses you.
The centaur kicks you. The centaur closely misses you. x2
You hit the centaur.
The centaur is lightly wounded.
The centaur barely misses you. The centaur closely misses you.
You hit the centaur. Your squeeze misses the centaur.
The centaur is moderately wounded.
The centaur closely misses you. The centaur barely misses you. x2
The centaur completely misses you.
You hit the centaur. You squeeze the centaur.
The centaur is severely wounded.
The centaur hits you. The centaur barely misses you.
The bullfrog skeleton barely misses you.
You hit the centaur but do no damage.
The centaur is severely wounded.
The centaur misses you. The centaur kicks you. The bullfrog skeleton hits you.
The centaur barely misses you. The centaur kicks you.
* * * LOW HITPOINT WARNING * * *
You are too injured to fight recklessly!
You are too injured to fight recklessly!
You are too injured to fight recklessly!
You are too injured to fight recklessly!
You are too injured to fight recklessly!
You are too injured to fight recklessly!
You are too injured to fight recklessly!
You are too injured to fight recklessly!
You are too injured to fight recklessly!
You are too injured to fight recklessly!
You are too injured to fight recklessly!
Unknown command.
The bullfrog skeleton hits you.
* * * LOW HITPOINT WARNING * * *
The centaur closely misses you. The centaur completely misses you.
The bullfrog skeleton hits you.
* * * LOW HITPOINT WARNING * * *
You hit the centaur. Your squeeze misses the centaur.
The centaur is almost dead.
The centaur completely misses you. The centaur kicks you.
You die...

....###.. ##.##
...## ##.# #..#
.## .. #..# ..#
##..# #..##
##..#####. #.
#.........
#...##.........
#....@........
#......cZ......#
..............##
..####.......##
. #.......#
##.....##
#....## .....#


You could see a centaur and a bullfrog skeleton.

Vanquished Creatures
  An orc priest (D:3)
  A hound (D:3)
  A gnoll shaman (D:4)
  Jessica (D:3)
  Terence (D:3)
  3 gnolls (D:3)
  3 adders
  3 worms
  3 dart slugs
  5 orcs
  6 ball pythons
  3 bats
  7 endoplasms
  2 giant cockroaches
  8 goblins
  8 hobgoblins
  7 jackals (D:2)
  2 quokkas
  3 frilled lizards
  7 kobolds
  5 rats
80 creatures vanquished.

Vanquished Creatures (others)
  18 plants (D:2)
18 creatures vanquished.

Grand Total: 98 creatures vanquished

Notes
Turn   | Place    | Note
-------+----------+-------------------------------------------
     0 | D:1      | Descartes the Octopode Transmuter began the quest for the
                  | Orb.
     0 | D:1      | Reached XP level 1. HP: 13/13 MP: 3/3
    40 | D:1      | Found a faded altar of an unknown god.
   199 | D:1      | Reached XP level 2. HP: 18/18 MP: 5/5
   345 | D:1      | Reached skill level 1 in Stealth
   826 | D:1      | Reached XP level 3. HP: 11/23 MP: 6/6
  1995 | D:2      | Reached XP level 4. HP: 27/29 MP: 7/7
  2473 | D:2      | Reached skill level 1 in Short Blades
  3169 | D:3      | Reached XP level 5. HP: 5/34 MP: 7/9
  3508 | D:3      | Found a white marble altar of Elyvilon.
  3512 | D:3      | Noticed Terence
  3523 | D:3      | Killed Terence
  3880 | D:3      | Noticed Jessica
  3883 | D:3      | Killed Jessica
  4429 | D:3      | Reached XP level 6. HP: 16/41 MP: 10/10
  4922 | D:3      | HP: 1/41 [gnoll/+0 whip (6)]
  5359 | D:4      | HP: 2/41 [bullfrog skeleton (4)]
  5360 | D:4      | Slain by a centaur

Illustrated notes

Levels and vault maps discovered:
D:1:      minmay_arrival_plants_in_alcoves, layout_basic,
          shapermc_ecumenical_altar_mp_urbaneastern
D:2:      layout_basic, nrook_uturn, serial_bayou_lake_a
D:3:      layout_basic, amcnicky_altar_gilded, due_unseen_surprise,
          uniq_jessica, uniq_terence
D:4:      layout_layer_cave, gammafunk_temple_overflow_elements,
          minmay_temple_entry_gardened_gates, minmay_between

Skill      XL: |  1  2  3  4  5  6 |
---------------+-------------------+-----
Stealth        | 1 2 3 |  3.2
Short Blades   | 1 2 |  2.1
Fighting       | 2 |  2.6
Dodging        | 3 |  3.2
Transmutations | 3 |  3.1
Spellcasting   | 3 |  3.0
Unarmed Combat | |  3.0

Action                   |  1- 3 |  4- 6 || total
-------------------------+-------+-------++-------
Melee: Unarmed           |    16 |       ||    16
       Constrict         |    20 |    26 ||    46
       Tentacles         |    18 |    25 ||    43
       Short sword       |    63 |   106 ||   169
       Punch             |     2 |     2 ||     4
 Stab: Sleeping          |     8 |     8 ||    16
       Distracted        |     1 |       ||     1
Armor: Skin              |     9 |     5 ||    14
Dodge: Dodged            |    58 |    68 ||   126
